 Dungeon Crawl Stone Soup version 0.30-a0-782-ge64f9170bb (webtiles) character file.

Game seed: 7803158326557646944

6 M4edhros the Insei (level 1, 0/11 HPs)
             Began as a Vine Stalker Monk on Feb 24, 2023.
             Slain by a kobold
             ... wielding a +1 dagger of distortion
              (4 damage)
             ... on level 1 of the Dungeon.
             The game lasted 00:00:25 (119 turns).

M4edhros the Insei (Vine Stalker Monk)               Turns: 119, Time: 00:00:26

Health: 0/11       AC:  2    Str: 13    XL:     1   Next: 90%
Magic:  0/2        EV: 12    Int: 10    God:
Gold:   0          SH:  5    Dex: 16    Spells: 0/0 levels left

rFire   . . .      SeeInvis .      - Unarmed
rCold   . . .      Faith    .    (no shield)
rNeg    . . .      Spirit   +    a - +0 robe
rPois   .          Reflect  +    (no helmet)
rElec   .          Harm     .    (no cloak)
rCorr   .          Rampage  .    (no gloves)
Will    .....                    (no boots)
Stlth   ++                       d - amulet of reflection
HPRegen 0.21/turn                (no ring)
MPRegen 0.08/turn                (no ring)

@: no status effects
A: fangs 2, magic shield, antimagic bite, no potion heal 2
a: no special abilities


You were on level 1 of the Dungeon.
You visited 1 branch of the dungeon, and saw 1 of its levels.

Inventory:

Armour
 a - a +0 robe (worn)
Jewellery
 d - an amulet of reflection (around neck)
Potions
 b - a potion of ambrosia
 c - a potion of curing {unknown}


   Skills:
 - Level 2.6 Fighting
 - Level 2.4 Dodging
 - Level 2.4 Stealth
 + Level 3.4 Unarmed Combat


You couldn't memorise any spells.
You didn't know any spells.
Your spell library was empty.

Dungeon Overview and Level Annotations

Branches:
Dungeon (1/15)

Altars:


Innate Abilities, Weirdness & Mutations

You have extremely sharp teeth.
When hurt, damage is shared between your health and your magic reserves.
Your bite disrupts and absorbs the magic of your enemies.
Potions cannot restore your health.


Message History

The quokka is heavily wounded.
The quokka barely misses you.
You hit the quokka. Your bite misses the quokka.
The quokka is almost dead.
You block the quokka's attack.
Unknown command.
You closely miss the quokka.
The quokka is almost dead.
The quokka closely misses you.
You barely miss the quokka.
The quokka is severely wounded.
You block the quokka's attack.
You hit the quokka but do no damage. Your bite misses the quokka.
The quokka is severely wounded.
The quokka bites you.
You hit the quokka.
You kill the quokka!
You see here a quokka corpse.
No target in view!
A kobold comes into view.
It is wielding a +1 dagger of distortion.
The helpless kobold fails to defend itself.
You hit the kobold but do no damage. The kobold barely misses you.
You closely miss the kobold.
The kobold hits you with a +1 dagger of distortion.
You blink.
No target in view!
The kobold throws a stone.
The stone closely misses you.
You see here a quokka corpse.
The kobold misses you.
You closely miss the kobold. Your bite misses the kobold.
The kobold hits you with a +1 dagger of distortion.
You blink.
You barely miss the kobold. You bite the kobold. You drain its power.
The kobold is severely wounded.
The kobold hits you with a +1 dagger of distortion.
You closely miss the kobold. You bite the kobold, but do no damage.
The kobold is severely wounded.
The kobold hits you with a +1 dagger of distortion.
Space warps around you.
You die...

##...≈≈≈≈≈. ##..≈≈≈≈≈≈≈≈
######..#≈≈≈≈≈≈≈≈
#.......####≈≈≈≈≈
####......#.#.#≈≈≈≈#
#........≈##†.# ≈≈##
#........≈#...# ≈#
#(.......≈###K#####.## .
#........≈≈#..@......#
.##........≈≈#####.#####
.##.........≈≈≈≈≈ #
.##.........≈≈≈≈≈
.##..........≈≈≈≈
...........#..≈≈≈
.....###........≈ .....#
#......... .....#
#.......K


You could see a kobold.

Vanquished Creatures
  An endoplasm (D:1)
  A goblin (D:1)
  A quokka (D:1)
  2 ball pythons (D:1)
  A rat (D:1)
6 creatures vanquished.

Notes
Turn   | Place    | Note
-------+----------+-------------------------------------------
     0 | D:1      | M4edhros the Vine Stalker Monk began the quest for the Orb.
     0 | D:1      | Reached XP level 1. HP: 11/11 MP: 2/2
   119 | D:1      | Slain by a kobold

Illustrated notes

Levels and vault maps discovered:
D:1:      dpeg_arrival_yet_another_circle, layout_basic, grunt_decor_junction

Action                     || total
---------------------------++-------
  Melee: Unarmed           ||    24
         Bite              ||     8
   Stab: Sleeping          ||     1
 Armour: Robe              ||     2
  Dodge: Dodged            ||    11
  Block: Other             ||     4

Table legend: (Time is in decaauts)
 A = Elapsed time spent in this place.
 B = Non-inter-level travel time spent in this place.
 C = Inter-level travel time spent in this place.
 D = Time resting spent in this place.
 E = Time spent auto-exploring this place.
 F = Levels seen in this place.
 G = Mean time per level.
                   A        B        C        D        E       F      G
               +--------+--------+--------+--------+--------+-----+--------+
         Total |    117 |    117 |      0 |      0 |     18 |   1 |  117.0 |
       Dungeon |    117 |    117 |      0 |      0 |     18 |   1 |  117.0 |
               +--------+--------+--------+--------+--------+-----+--------+

Top non-repeatable levels by time:
     D:1: 117 daAuts
